[Event "16th Serbian-ch Women 2022"]
[Site "Bajina Basta"]
[Date "2022.12.06"]
[Round "1.1"]
[White "Srdanovic, Jovana"]
[Black "Eric, Jovana"]
[Result "1/2-1/2"]
[ECO "E11"]
[WhiteElo "2189"]
[BlackElo "2245"]
[Annotator "TA"]
[PlyCount "92"]
[EventDate "2022.12.06"]
[EventType "tourn"]
[EventCountry "SRB"]
[SourceTitle "playchess.com"]
[Source "ChessBase"]
[SourceQuality "1"]
[TimeControl "40/5400+30:1800+30"]

1. d4 Nf6 2. c4 e6 3. Nf3 Bb4+ 4. Nbd2 O-O 5. a3 Be7 6. e3 d5 7. Qc2 b6 {[%emt 0:01:18] E11: Bogo-Indian.} 8. b4 dxc4 9. Bxc4 Bb7 10. O-O Nbd7 {[%emt 0:02:27] [#]} 11. Bb2 $146 ({Predecessor:} 11. e4 c5 12. bxc5 bxc5 13. Bb2 Rc8 14. Qb3 Nb6 15. e5 Ne4 16. Nxe4 Bxe4 17. Ba6 {0-1 (27) Edakina,M-Motzkus,M (1839) Copenhagen 2007}) 11... a5 12. b5 Rc8 13. Qd3 h6 14. Rac1 Re8 15. e4 Bf8 16. Rfd1 (16. e5 {seems wilder.} Nd5 17. Ne4 Nf4 18. Qe3) 16... g6 (16... c6 $11) 17. Qe2 ({Better is} 17. Re1 $16) 17... Bg7 18. Ba2 Qe7 19. Rc2 Red8 (19... c5 $14) 20. Rdc1 $16 Ne8 21. e5 Nb8 22. Nc4 (22. Qe3 $142 $1) 22... Qd7 (22... h5 $142) 23. a4 $1 Bf8 24. h4 Ng7 25. Ne3 Nh5 26. Ng4 {[%emt 0:00:50] And now Nf6+ would win.} Bg7 {[%emt 0:02:53] Prevents Nf6+.} (26... c5 $142 27. Bb3 Ba8) 27. Qe3 $18 Kh7 28. Rd1 c6 29. Bc1 $1 cxb5 30. Rxc8 Rxc8 {[%emt 0:00:06] [#]} 31. d5 $1 (31. Nxh6 Bxf3 32. Qxf3 Bxh6 $17) 31... Rxc1 $4 32. Rxc1 exd5 33. e6 (33. Qxb6 Qxg4 34. Nh2 (34. Qxb7 $2 Nf4 $19) 34... Qf4 $17) 33... fxe6 (33... Qxe6 34. Qxe6 fxe6) 34. Nfe5 Qd6 35. Bb1 (35. axb5 d4 36. Nf7 dxe3 $18) 35... d4 36. Bxg6+ Kg8 37. Qe1 $2 (37. Nxh6+ $18 {and White stays clearly on top.} Kf8 38. Qg5) 37... Nf4 $16 {[%emt 0:00:45] aiming for ...Nd7.} 38. Be4 $1 (38. axb5 h5 39. Bf7+ Kf8 $17) 38... d3 $2 {[%emt 0:01:30] [#]} (38... Nd7 $1 $14 39. Bxb7 Nxe5 40. Rc8+ Kf7 41. Nxe5+ Qxe5 42. Qxe5 Bxe5 43. axb5 a4) 39. Bxb7 $2 {[%emt 0:00:04] Dancing on a razor blade.} (39. Nxh6+ $2 Bxh6 40. Bxd3 Nxd3 $19) ({White has to play} 39. Nxd3 $1 $18 Nxd3 40. Bxd3) 39... Ne2+ $11 {[%emt 0:00:09] The position is equal.} 40. Kh1 {[%emt 0:00:35] Threatens to win with Rc8+.} Nxc1 (40... Bxe5 41. Rc8+ (41. Nxh6+ $2 Kg7 $19) (41. axb5 $2 Nxc1 42. Qxc1 d2 $19) 41... Kg7 42. Bf3 $16 (42. axb5 $2 Qe7 $19) (42. Qd2 Bf4 $17)) 41. Qxc1 {[%emt 0:03:37] White wants to mate with Qc8+.} (41. Qe4 $5 Qe7 $8 42. Ng6 $11) 41... Bxe5 42. Nxh6+ Kf8 (42... Kg7 $5 43. Qg5+ $8 (43. axb5 $2 {loses.} d2 $19) 43... Kf8 $11) 43. Qc8+ $1 Ke7 $1 (43... Kg7 $2 {gets mated.} 44. Qg8+ Kxh6 45. Be4 bxa4 46. Qh7#) 44. Ng8+ $1 Kf7 45. Nh6+ $1 Ke7 $1 (45... Kg7 $2 {leads to mate.} 46. Qg8+ Kxh6 47. Be4 bxa4 48. Qh7#) 46. Ng8+ $1 Kf7 {[%emt 0:14:34] White really could win this.   Weighted Error Value: White=0.33/Black=0.47} 1/2-1/2

[Event "16th Serbian-ch Women 2022"]
[Site "Bajina Basta"]
[Date "2022.12.06"]
[Round "1.2"]
[White "Grozdanovic, Anastasia"]
[Black "Drljevic, Ljilja"]
[Result "0-1"]
[ECO "A53"]
[WhiteElo "1870"]
[BlackElo "2175"]
[Annotator "TA"]
[PlyCount "84"]
[EventDate "2022.12.06"]
[EventType "tourn"]
[EventCountry "SRB"]
[SourceTitle "playchess.com"]
[Source "ChessBase"]
[SourceQuality "1"]
[TimeControl "40/5400+30:1800+30"]

1. d4 Nf6 2. c4 d6 3. Nc3 Nbd7 4. e4 e5 5. d5 Be7 6. f3 O-O 7. Be3 a5 {[%emt 0:02:52] A53: Old Indian Defence without Nf3.} 8. Nh3 Ne8 {[%emt 0:08:22] [#]} 9. Nf2 $146 ({Predecessor:} 9. Qd2 Nc5 10. g4 Bh4+ 11. Nf2 Bd7 12. O-O-O Nf6 13. Be2 c6 14. dxc6 Bxc6 15. Qxd6 Qxd6 16. Rxd6 {1-0 (78) Varpanen,J (1838)-Rautanen,S (1955) Finland 2013}) 9... c6 {[%emt 0:03:50] White has an edge.} 10. Qd2 a4 11. Be2 Qa5 12. Rb1 Nc5 13. g4 {[%emt 0:03:39] Inhibits f5.} Bh4 14. O-O $36 {[%emt 0:15:45][%mdl 2048] White has good play.} Qc7 (14... Nc7 $14 {feels stronger.}) 15. b4 $16 axb3 16. axb3 Ra3 (16... cxd5 $14 17. cxd5 (17. Nxd5 Qd8 $16) 17... h5) 17. b4 Na4 18. Nxa4 Rxa4 19. c5 Be7 (19... cxd5 $14 20. cxd6 (20. exd5 f5 $11) (20. Qxd5 Be6 $11) 20... Nxd6) 20. Rfc1 Qd7 (20... Qb8 $16 21. Nd1 Ra3) 21. Nd3 Ra3 (21... Nf6 $16 {was necessary.}) 22. Qb2 $18 Ra8 23. cxd6 Bxd6 24. dxc6 bxc6 25. Nxe5 Qe6 26. Nc4 (26. Nxc6 Ra2 27. Nd8 Rxb2 28. Nxe6 Rxb1 29. Rxb1 fxe6 $11) 26... Bc7 27. Bc5 Nf6 (27... Bf4 $142 28. Bxf8 Kxf8) 28. Bxf8 Kxf8 29. Qb3 Bf4 30. Rd1 Ba6 (30... Qe7 $142 31. Qc2 Be6) 31. Ra1 h5 32. Nd2 Qc8 33. Bxa6 Rxa6 34. Rxa6 Qxa6 35. Qc4 {[%emt 0:01:17] Against Qe2} Qa3 (35... Qb6+ {was worth a try.} 36. Kg2 hxg4 37. Qc5+ Qxc5 38. bxc5 gxf3+ 39. Kxf3 Bxh2) 36. Nb3 {[%emt 0:00:54] [#] Threatening mate with Qc5+.} (36. Qxc6 Qe3+ 37. Kf1 (37. Kh1 Qe2 $11) 37... Qd3+ 38. Kf2 (38. Kg1 Qe2 $15) 38... Qe3+ 39. Kf1 Qd3+ 40. Kf2 (40. Kg1 Qe2 $15) 40... Qe3+ 41. Kf1 $11) 36... Qb2 $2 (36... g6 37. e5 (37. Qxc6 $2 Qxb3 38. Rf1 Kg7 $19) 37... Qa7+ 38. Qc5+ Qxc5+ 39. Nxc5 Nd5) 37. Kf1 $2 (37. Qc5+ $18 Kg8 38. Rd8+ Kh7 39. Qf5+ g6 40. Qxf4 hxg4 41. fxg4) 37... hxg4 $2 (37... Be3 $14 38. Nd2 Bxd2) 38. Rd8+ $2 (38. Qc5+ $18 Kg8 39. Rd8+ Kh7 40. Qf5+ g6 41. Qxf4) 38... Ke7 $11 {[%emt 0:00:03] Chess con chili.} 39. Rd3 Qb1+ (39... Qxh2 $11 40. Qd4 (40. Qxc6 Qh1+ 41. Ke2 gxf3+ 42. Rxf3 Qg2+ 43. Rf2 Qg4+ 44. Rf3 Qg2+ 45. Rf2 Qg4+ 46. Rf3 Qg2+ $11) 40... Kf8) 40. Ke2 (40. Kg2 $16 {Hoping for Qc5+.} g5 41. e5 Qb2+ 42. Kf1 Qxe5 43. Nd4 (43. Qxc6 gxf3 44. Qxf3 Kf8 $16)) 40... gxf3+ $14 41. Kf2 $2 {[%emt 0:30:07][%mdl 8192] [#]} (41. Rxf3 $16 Qb2+ 42. Kd1 Qb1+ 43. Nc1 Bxc1 44. Qxc1 (44. Qc5+ Kd7 $16) 44... Qxb4 45. Qxc6) 41... Ng4+ (41... Bxh2 $2 42. Qc5+ (42. Nc1 $2 Ng4+ 43. Kf1 Ne5 $19) 42... Ke8 43. Qxc6+ (43. Rxf3 $2 {loses.} Nxe4+ 44. Ke2 Nxc5 $19) 43... Kf8 44. Qc5+ (44. Rxf3 Nxe4+ 45. Ke2 Ng3+ 46. Rxg3 Qb2+ 47. Nd2 Bxg3 $11) 44... Kg8 45. Qc8+ (45. Rxf3 $2 Nxe4+ 46. Ke2 Nxc5 $19) 45... Kh7 46. Qh3+ (46. Rxf3 Qg1+ 47. Ke2 Qg2+ 48. Rf2 Qxe4+ 49. Kd1 Qh1+ 50. Kc2 Qe4+ 51. Kd1 Qh1+ 52. Kc2 Qe4+ 53. Kb2 Bd6 $14) 46... Kg6 47. Qxf3 $18 (47. Rxf3 $2 Nxe4+ 48. Ke2 Qc2+ 49. Ke1 Ng5 $19)) 42. Kxf3 Ne5+ {[%emt 0:00:05] Weighted Error Value: White=0.66/Black=0.42} (42... Nxh2+ $2 43. Kxf4 Qf1+ 44. Ke3 Ng4+ 45. Kd2 Qf2+ 46. Kc3 $18) 0-1

[Event "16th Serbian-ch Women 2022"]
[Site "Bajina Basta"]
[Date "2022.12.06"]
[Round "1.3"]
[White "Dimitrijevic, Andjela"]
[Black "Manakova, Maria"]
[Result "0-1"]
[ECO "B40"]
[WhiteElo "1993"]
[BlackElo "2160"]
[Annotator "TA"]
[PlyCount "204"]
[EventDate "2022.12.06"]
[EventType "tourn"]
[EventCountry "SRB"]
[SourceTitle "playchess.com"]
[Source "ChessBase"]
[SourceQuality "1"]
[TimeControl "40/5400+30:1800+30"]

1. e4 e6 2. d3 d5 3. Qe2 c5 4. Nf3 Nc6 5. g3 dxe4 6. dxe4 {[%emt 0:02:37] B40: Sicilian: 2...e6, Unusual lines.} e5 7. c3 {[%emt 0:08:05] [#]} h5 $146 ({Predecessor:} 7... Bg4 8. h3 Bh5 9. Bg2 Qd7 10. Nbd2 O-O-O 11. Nc4 f6 12. a4 Bf7 13. Be3 Be6 {1-0 (47) Nyzhnyk,I (2683)-Daggupati,B (2377) Philadelphia 2021}) 8. Bg2 {[%emt 0:33:09] White is slightly better.} Be7 9. h4 f6 10. a3 ({White should play} 10. O-O $14) 10... Nh6 (10... Be6 $11) 11. b4 (11. Bxh6 $14 Rxh6 12. Nbd2) 11... cxb4 12. axb4 Be6 13. O-O Nf7 14. Rd1 Qc7 15. Na3 O-O 16. Nh2 g6 17. Nf1 {[%emt 0:04:10] Ne3 is the strong threat.} Rfd8 18. Rxd8+ (18. Ne3 $5 ) 18... Ncxd8 19. Bd2 a5 20. bxa5 Rxa5 21. Nb5 Qb6 22. Rxa5 Qxa5 23. Ne3 Qa1+ 24. Bf1 Nc6 25. Nc7 Bh3 26. Ncd5 (26. Be1 {simplifies} Bxf1 27. Kxf1 Bd8 28. Ne6) 26... Kg7 27. Nxe7 Nxe7 28. Qe1 Qxe1 29. Bxe1 Bxf1 30. Kxf1 $11 {[%emt 0:00:12][%mdl 4096] Endgame KBN-KNN} Nd6 31. f3 b5 32. Ke2 Nc6 33. Kd3 Na5 34. Bf2 Kf7 35. Nd5 Nac4 36. Bc5 f5 37. Bxd6 Nxd6 {[%emt 0:00:05] KN-KN} 38. Ne3 Ke6 39. Ng2 Nb7 40. Ke3 Nc5 41. Ne1 Kd6 42. Nc2 Ne6 43. Ke2 f4 44. g4 hxg4 45. fxg4 Nc5 46. Kf3 Na4 47. h5 gxh5 48. gxh5 Ke6 (48... Nxc3 $2 49. h6 $18) 49. Nb4 Kf6 50. h6 Nb2 51. h7 Kg7 {[%emt 0:00:05] Inhibits h8Q+.} 52. h8=Q+ Kxh8 53. Nc6 Nc4 {[%emt 0:00:16] Threatens to win with ...Kg7.} 54. Ke2 $2 (54. Nxe5 $11 Nxe5+ 55. Kxf4) 54... Kg7 $19 55. Na7 Nd6 $2 (55... Kf6 56. Nc6 Kg5) 56. Kf3 $2 (56. Nc6) 56... Kf6 57. Nc6 Nf7 58. Na7 Ng5+ 59. Ke2 Nxe4 60. Nxb5 Nc5 61. Kf3 Kf5 62. Nd6+ Ke6 63. Ne8 {[%emt 0:00:35] [#]} Nd7 $2 (63... Nb3 $1 $19 64. Ng7+ Kf6 65. Ne8+ Ke7) 64. Ng7+ Kf6 65. Ne8+ Kf7 66. Nc7 Kg6 {[%emt 0:00:16] And now ...Kf5 would win.} 67. Ne6 Kf5 68. Ng7+ Kf6 69. Ne8+ Kg5 70. Nd6 Nc5 {[%emt 0:02:48][%cal Oe5e4] Strongly threatening ...e4+!} 71. Nf7+ Kf6 72. Nd6 Ke6 $2 (72... e4+ $11 73. Kxf4 Ke7) 73. Ne8 {[%emt 0:00:41] [#]} Kd5 $2 (73... Nb3 $1 $19 74. Ng7+ Kf6 75. Ne8+ Ke7) 74. Nf6+ $1 $11 Kd6 (74... Kc4 $5) 75. Nh5 Ne6 76. Nf6 Ng5+ 77. Kg4 Ne6 78. Kf3 Ke7 79. Nd5+ Kd7 80. Kg4 Kd6 81. Nf6 Nc7 82. Nh5 Ne6 83. Nf6 Nc5 84. Kf3 Nd3 85. Ke4 Nf2+ 86. Kf3 Ke6 87. Nh5 Nd3 88. Ke4 $2 {[%emt 0:00:38][%mdl 8192] White is on the road to losing.} (88. Kg4 $11) 88... Nc5+ $19 89. Kf3 Kf5 {[%emt 0:00:05] Black is clearly winning.} 90. Ng7+ Kg5 91. Ne8 e4+ 92. Kf2 Nd3+ 93. Kf1 Kg4 94. Nf6+ Kf3 {[%emt 0:00:08] ( -> ...e3)} 95. Nh7 Ne5 96. Ng5+ Ke3 97. Ne6 f3 98. Ng5 Ng4 99. Nh3 f2 100. Kg2 Ke2 101. Nf4+ Ke1 102. Kg3 f1=Q {[%emt 0:00:21] Weighted Error Value: White=0.42/Black=0.28 (precise)} 0-1

[Event "16th Serbian-ch Women 2022"]
[Site "Bajina Basta"]
[Date "2022.12.06"]
[Round "1.4"]
[White "Bojicic, Andjela"]
[Black "Gajcin, Marina"]
[Result "0-1"]
[ECO "D94"]
[WhiteElo "2117"]
[BlackElo "2219"]
[Annotator "TA"]
[PlyCount "100"]
[EventDate "2022.12.06"]
[EventType "tourn"]
[EventCountry "SRB"]
[SourceTitle "playchess.com"]
[Source "ChessBase"]
[SourceQuality "1"]
[TimeControl "40/5400+30:1800+30"]

1. d4 Nf6 2. c4 g6 3. Nf3 Bg7 4. e3 O-O 5. Be2 c5 6. O-O cxd4 7. exd4 d5 8. c5 Nc6 9. Nc3 Ne4 10. Be3 Nxc5 {[%emt 0:12:15] D94: Grünfeld: 4 Nf3 Bg7 5 e3.} 11. dxc5 d4 12. Nxd4 Nxd4 {[%emt 0:03:13] The position is equal.} 13. Rc1 Bf5 14. Bf3 Rb8 {[%emt 0:09:55] [#]} 15. Bxd4 $146 ({Predecessor:} 15. Re1 e5 16. Be4 Qa5 17. Bxf5 Nxf5 18. Qe2 Rbc8 19. Qb5 Qxb5 20. Nxb5 Nxe3 21. fxe3 {0-1 (42) Milans,C (1921)-Lopez Falcon,J (2173) Montevideo 2008}) 15... Bxd4 16. b4 e5 17. Ne4 Bxe4 18. Bxe4 Qe7 19. Qb3 Kg7 20. Qc4 Rfc8 21. g3 a5 22. bxa5 (22. a3 $15) 22... Rxc5 $17 23. Qb3 Rxa5 24. Kg2 Ra3 25. Rc7 Qxc7 26. Qxa3 b5 (26... Rc8 {seems wilder.} 27. Rd1 Qd7 28. Rd2 b6) 27. Qb3 b4 28. h4 h5 29. Bd5 Rd8 30. Bc4 (30. Qc4 $17 Qe7 31. Be4) 30... Qb7+ (30... Qc6+ $19 31. Kh2 Rd7) 31. Kh2 {[%emt 0:00:19] [#]} (31. f3 $17 {keeps fighting.}) 31... Bc5 (31... Rd7 $1 $19 32. Qc2 Qf3) 32. Qb2 (32. Qc2 $17) 32... Qe4 $19 33. Qb3 (33. Qc1) 33... Rd2 34. Kg1 {[%emt 0:00:45] [#]} Rxf2 $1 35. Rxf2 Qe1+ {[%emt 0:00:06][%mdl 64] Pin, Double Attack} ({Weaker is} 35... Bxf2+ 36. Kxf2 Qd4+ 37. Kf1 $16) 36. Kg2 Qxf2+ {[%emt 0:00:13] KQB-KQB} 37. Kh3 e4 (37... f5 $142 38. a3 f4 39. gxf4 Qxf4 40. Qg3 Qxc4 41. axb4 Bd6 42. Kg2 Qxb4 43. Kf1 Qc4+ 44. Kg2 Qd4 45. Qg5 e4 46. Qb5 Bc5 47. Qf1 e3 48. Qf3 Qg4+ 49. Qxg4 hxg4 50. Kf1 g3 51. Ke2 g2 52. Kd3 g1=Q 53. Kc4 e2 54. Kd5 e1=Q 55. h5 gxh5 56. Kc4 Qd4+ 57. Kb5 Qeb4+ 58. Kc6 Qd6#) 38. Qd1 Qf5+ 39. Kg2 e3 40. Qf3 {[%emt 0:00:38] Against Qe4} (40. Qf1) 40... Qc2+ 41. Qe2 Qe4+ 42. Kh3 Bd6 {[%emt 0:00:00] ( -> ...Qh1+)} 43. Bd3 Qh1+ 44. Qh2 Qf3 45. Be2 Qf5+ 46. Kg2 Qf2+ 47. Kh3 {[%emt 0:00:00] [#]} Bxg3 $1 48. Qxf2 (48. Qg2 Qxg2+) 48... Bxf2 49. Bd3 f6 50. Be2 Kh6 {[%emt 0:00:00] Weighted Error Value: White=0.95/Black=0.20 (precise)} 0-1

[Event "16th Serbian-ch Women 2022"]
[Site "Bajina Basta"]
[Date "2022.12.06"]
[Round "1.5"]
[White "Vujcic, Milena"]
[Black "Chelushkina, Irina"]
[Result "1-0"]
[ECO "B33"]
[WhiteElo "2029"]
[BlackElo "2173"]
[Annotator "TA"]
[PlyCount "89"]
[EventDate "2022.12.06"]
[EventType "tourn"]
[EventCountry "SRB"]
[SourceTitle "playchess.com"]
[Source "ChessBase"]
[SourceQuality "1"]
[TimeControl "40/5400+30:1800+30"]

1. e4 c5 2. Nf3 Nc6 3. d4 cxd4 4. Nxd4 Nf6 5. Nc3 e5 6. Ndb5 d6 7. Bg5 a6 8. Na3 b5 9. Nd5 Be7 10. Bxf6 Bxf6 11. c3 Bg5 12. Nc2 O-O 13. a4 bxa4 14. Rxa4 a5 15. Bc4 Rb8 16. b3 Kh8 17. h4 {[%emt 0:04:42] B33: Sicilian: Pelikan and Sveshnikov Variations.} Bh6 18. Nce3 {[%emt 0:01:11] 18.Nce3 is better than 18.g4.} Bd7 ({Better is} 18... Bxe3 $11 19. Nxe3 Ne7) 19. Nf5 $14 {[%emt 0:04:03] White is slightly better.} Bxf5 20. exf5 e4 (20... Ne7 $14) 21. g4 {[%emt 0:15:39] Black must now prevent g5.} f6 {[%emt 0:06:17] [#] Against g5} 22. Bf1 $146 ({Predecessor:} 22. Rh3 Re8 23. Kf1 Ne5 24. Be2 Nd7 25. Rd4 Nb6 26. Ne3 Qc7 27. Bb5 Re5 28. c4 {1-0 (39) Gameel,M (2204)-Sabar,E (1995) Marrakesh 2014}) 22... Ne7 23. Rxe4 Nxd5 24. Qxd5 Qc7 25. Rh3 {[%emt 0:07:09] White is more active.} a4 (25... Qd7 $16 26. Be2 (26. Qxa5 Rbe8 $11) 26... Rfe8) 26. Rxa4 $18 Rfe8+ {[%emt 0:00:19] [#]} 27. Re4 (27. Be2 $1 $18) 27... Qa7 (27... Qc5 $1 $14 28. Qd3 Qc6) 28. Be2 Qa2 {[%emt 0:04:43] Strongly threatening ...Qb1+.} 29. Re6 Bf4 (29... Rxe6 $2 30. fxe6 Qa1+ 31. Qd1 Qxd1+ 32. Kxd1 $18) 30. Kf1 Be5 (30... Rf8 $142 31. Bb5 Be5) 31. Rxe8+ Rxe8 32. Re3 Rb8 {[%emt 0:03:27] Against f4} 33. Bc4 h5 $2 (33... Rf8 $18 34. b4 Qa8) 34. Qe4 $2 (34. gxh5 Qb1+ 35. Kg2 Qxf5 $18) (34. Qf7 {mates} Qa1+ 35. Re1 Qc1 36. Rxc1 Bf4 {[#]} 37. g5 $1 Bxg5 38. hxg5 d5 39. Qxh5+ Kg8 40. Bxd5+ Kf8 41. Qf7#) 34... Qa1+ 35. Kg2 Qd1 36. gxh5 Qxh5 37. Kh3 {[%emt 0:01:46] Against g6} Qh6 $2 (37... g5 38. Qg4 (38. fxg6 f5 $18) 38... Qxh4+ 39. Qxh4+ gxh4) 38. Kg4 {[%emt 0:01:20] Hoping for f4.} Rf8 (38... d5 $142 39. Bxd5 Rf8) 39. f4 g6 40. Kg3 ({Less strong is} 40. fxe5 gxf5+ 41. Qxf5 (41. Kxf5 $2 fxe5+ 42. Kg4 Rf4+ $19) 41... Qxe3 $16) 40... Qg7 $2 (40... d5 41. Bxd5 Bd6 42. fxg6 Kg7) 41. Kh3 (41. fxe5 $2 {perishes.} gxf5+ 42. Kh3 fxe4 $19) 41... Qh6 42. fxe5 gxf5 43. Qf3 fxe5 44. Re1 {[%emt 0:00:57] Rg1 is the strong threat.} f4 45. Rg1 {[%emt 0:00:24] Weighted Error Value: White=0.43/Black=0.76} 1-0

[Event "16th Serbian-ch Women 2022"]
[Site "Bajina Basta"]
[Date "2022.12.07"]
[Round "2.1"]
[White "Eric, Jovana"]
[Black "Chelushkina, Irina"]
[Result "0-1"]
[ECO "B31"]
[WhiteElo "2245"]
[BlackElo "2173"]
[Annotator "TA"]
[PlyCount "104"]
[EventDate "2022.12.06"]
[EventType "tourn"]
[EventCountry "SRB"]
[SourceTitle "playchess.com"]
[Source "ChessBase"]
[SourceQuality "1"]
[TimeControl "40/5400+30:1800+30"]

1. e4 c5 2. Nf3 Nc6 3. Bb5 g6 4. O-O Bg7 5. c3 Nf6 6. Re1 O-O 7. e5 Ne8 8. d4 cxd4 9. cxd4 Nc7 10. Ba4 d5 {[%emt 0:02:30] B31: Sicilian: 2...Nc6 3 Bb5 g6.} (10... d6 $15) 11. Be3 {[%emt 0:01:35] [#]} Na5 $146 ({Predecessor:} 11... Bg4 12. Nc3 Na5 13. h3 Bxf3 14. Qxf3 a6 15. Rad1 b5 16. Bc2 Nc4 17. Bc1 Qd7 18. Ne2 {1-0 (31) Lebrun,X (2210)-De Lagontrie,J (1889) Elancourt 2009}) 12. Nc3 Nc4 {[%emt 0:04:35] White is slightly better.} 13. Qe2 Bg4 14. Bb3 b5 15. h3 Bd7 16. Bc1 Nb6 17. a4 bxa4 18. Nxa4 Qe8 (18... Bxa4 $11 {might be stronger.} 19. Bxa4 Nxa4 20. Rxa4 Qd7) 19. Nc5 $16 a5 20. Nxd7 Qxd7 21. Bc2 a4 22. h4 Rfb8 23. h5 Qg4 24. hxg6 hxg6 25. g3 ({White should play} 25. Bd3 $16) 25... Ne6 $11 26. Kg2 (26. Qd3 {simplifies} Ra7 27. Bd1 Rc7 28. Be3) 26... Nc4 {[%emt 0:04:13] aiming for ...Rxb2. Pair of Knights!} (26... Nxd4 {simplifies} 27. Nxd4 Qxd4 28. e6 f5) 27. Rh1 (27. Rxa4 $11 Nxd4 28. Nxd4 Qxd4 29. e6) 27... Nxd4 {[%emt 0:04:18] Black has more active pieces.} (27... a3 $5 28. Rh4 Nxd4 29. Nxd4 Qxe2 30. Nxe2 axb2 31. Bxb2 (31. Rxa8 Rxa8 32. Bxb2 Ra2 $17) 31... Nxb2 32. Rxa8 Rxa8 $15) 28. Nxd4 Qxd4 {[%emt 0:00:06] Really sharp!} 29. e6 {[%emt 0:00:11] Threatens to win with exf7+.} f5 {[%emt 0:01:47] White must now prevent ...a3.} (29... Nxb2 $2 30. exf7+ Kf8 31. Bg5 $18) 30. Rxa4 Rxa4 31. Bxa4 Nxb2 32. Rh4 (32. Bf4 $15) 32... Qd3 $17 33. Qxd3 Nxd3 34. Bg5 {[%emt 0:00:07] [#]} Rb2 $2 (34... Kf8 $1 $17 {And now ...Ne1+ would win.} 35. Be3 Rb2) 35. Bxe7 $11 Rxf2+ 36. Kg1 $1 {[%emt 0:00:38] Hoping for Bg5.} Re2 37. Bb3 f4 (37... Rxe6 38. Bxd5 Kf7 39. Bg5 $16 (39. Bxe6+ Kxe6 40. Ba3 Be5 $14)) 38. gxf4 $2 {[%emt 0:00:50][%mdl 8192] Black continues to play with concentration.} (38. Bxd5 $11 {and White has nothing to worry.} Bd4+ 39. Kh1) 38... Bd4+ $19 ({Weaker is} 38... Rxe6 39. Bxd5 Kf7 40. Bg5 $18 (40. Bxe6+ Kxe6 41. Ba3 Kf5 $16)) 39. Kh1 $2 (39. Kf1 Rf2+ 40. Kg1) 39... Nf2+ {[%emt 0:00:49] Black is clearly winning.} 40. Kg2 Ne4+ ({Not} 40... Rxe6 41. Bxd5 Kf7 42. Bg5 $18) 41. Kh3 Re3+ 42. Kh2 Rxb3 43. Bd8 Bf6 44. e7 Nd6 (44... Bxh4 $2 45. e8=Q+ (45. e8=R+ $2 {perishes.} Kf7 $19) 45... Kh7 46. Qf7+ Kh6 47. Bxh4 $18) 45. Rg4 Kf7 46. Rg1 Ne8 47. Rd1 d4 48. Kg2 Ke6 49. Kf2 Kf5 50. Ra1 Kxf4 {[%emt 0:00:39] ...Rb2+ is the strong threat.} 51. Ra8 Bh4+ 52. Ke2 {[%emt 0:00:25] [#]} Bxe7 $1 {[%emt 0:04:41] Weighted Error Value: White=0.63/Black=0.37} 0-1

[Event "16th Serbian-ch Women 2022"]
[Site "Bajina Basta"]
[Date "2022.12.07"]
[Round "2.2"]
[White "Gajcin, Marina"]
[Black "Vujcic, Milena"]
[Result "1/2-1/2"]
[ECO "C54"]
[WhiteElo "2219"]
[BlackElo "2029"]
[Annotator "TA"]
[PlyCount "84"]
[EventDate "2022.12.06"]
[EventType "tourn"]
[EventCountry "SRB"]
[SourceTitle "playchess.com"]
[Source "ChessBase"]
[SourceQuality "1"]
[TimeControl "40/5400+30:1800+30"]

1. e4 e5 2. Nf3 Nc6 3. Bc4 Bc5 4. c3 Nf6 5. d3 a6 ({Don't take} 5... d5 6. exd5 Nxd5 7. Qb3 $14) 6. a4 {[%emt 0:03:36] C54: Giuoco Piano: 4 c3 Nf6, main lines with 5 d4 and 5 d3.} d6 7. Nbd2 O-O 8. O-O h6 9. h3 Ba7 10. Bb3 (10. Re1 {feels hotter.} Nh5 11. Nf1 Qf6 12. Be3) 10... Nh5 {[%emt 0:05:14] [#]} 11. Nxe5 $146 ({Predecessor:} 11. Re1 Qf6 12. Nf1 Qg6 13. Nh4 Qf6 14. Nf3 Qg6 15. Nh4 Qf6 16. Nf3 Qg6 17. Nh4 Qf6 {½-½ (17) Muzychuk,A (2531)-Muzychuk,M (2539) Warsaw 2021}) 11... Nxe5 12. Qxh5 Nxd3 13. Nf3 (13. Bc2 {simplifies} Nxc1 14. Raxc1 Qg5 15. Qxg5 hxg5 16. Nf3) 13... Nxc1 14. Raxc1 (14. Rfxc1 {simplifies} Be6 15. Bc2 Qf6 16. Re1) 14... Qf6 (14... Be6 {simplifies} 15. Bc2 Qf6 16. Rfe1 Rae8) 15. e5 dxe5 16. Qxe5 Qb6 17. Bc2 Bd7 18. a5 Qc5 19. b4 ({Better is} 19. Qe4 $14 f5 20. Qxb7) 19... Qxe5 $11 20. Nxe5 Be6 21. Be4 c6 22. Rfd1 Rfd8 23. Rd3 f6 24. Ng6 Kf7 (24... Bc4 $15 25. Rdd1 Bb3 26. Rxd8+ Rxd8) 25. Rcd1 Rxd3 26. Bxd3 Bb8 {[%emt 0:08:38] Prevents Nf4.} 27. g4 {[%emt 0:03:26] Inhibits f5.} h5 28. gxh5 f5 $1 29. Kg2 Bc7 $2 {[%emt 0:00:32] [#]} (29... Kf6 $11 {and Black has nothing to worry.}) 30. Re1 $2 (30. Bc4 $1 $18 Bxc4 (30... Rd8 31. Bxe6+) 31. Rd7+ Kf6 32. Rxc7) 30... Kf6 31. f4 Rd8 32. Re3 c5 33. bxc5 Bxa5 {[%emt 0:00:08] A strong pair of Bishops.} 34. Be2 Rc8 35. Bf3 Rxc5 (35... b6 {seems wilder.} 36. c6 b5 37. Ne5 Bc7) 36. Nf8 $1 {[%emt 0:00:51] Strongly threatening Nh7+.} Bc8 (36... Rxc3 $2 37. Rxe6+ Kf7 38. Re5 Kxf8 39. Rxf5+ Ke8 40. Rxa5 $18) 37. Nh7+ Kf7 38. Ng5+ (38. c4 $5 Bd2 39. Re2 Bxf4 40. Bd5+ Rxd5 41. cxd5 $16) 38... Kf8 {[%emt 0:02:39] The position is equal.} 39. Nh7+ Kg8 40. Ng5 Kf8 {[%emt 0:00:03] Inhibits Re8+.} (40... Rxc3 $2 41. Re8#) 41. Nh7+ Kg8 42. Ng5 Kf8 {[%emt 0:00:09] Prevents Re8+.   Weighted Error Value: White=0.19 (very precise) /Black=0.17 (very precise)} (42... Rxc3 $2 43. Re8#) 1/2-1/2